 Dungeon Crawl Stone Soup version 0.30-a0-591-g3c58d2bc28 (webtiles) character file.

Game seed: 14556621183862201634

2283 billz999 the Shooter (level 9, -3/66 HPs)
             Began as a Djinni Hunter on Jan 4, 2023.
             Slain by a white imp (5 damage)
             ... on level 7 of the Dungeon on Jan 5, 2023.
             The game lasted 00:18:29 (8213 turns).

billz999 the Shooter (Djinni Hunter)                Turns: 8213, Time: 00:18:30

Health: -3/66      AC:  5    Str: 10    XL:     9   Next: 66%
Gold:   366        EV: 12    Int: 14    God:
                   SH:  0    Dex: 18

rFire   + + .      SeeInvis .    a - +1 shortbow (heavy)
rCold   . . .      Faith    .    (shield currently unavailable)
rNeg    . . .      Spirit   .    c - +1 leather armour
rPois   ∞          Reflect  .    (no helmet)
rElec   .          Harm     .    v - +0 cloak
rCorr   .          Rampage  .    (no gloves)
Will    .....                    (boots unavailable)
Stlth   ++                       i - amulet of the acrobat
HPRegen 0.31/turn                m - ring of protection from cold
MPRegen 0.00/turn                (no ring)

@: attractive, flying
A: sickness immunity, fire resistance 2, cold vulnerability 1, float, innate
caster, HP casting, extra vitality 1, fangs 1, evolution 1, MP-powered wands
a: no special abilities


You were on level 7 of the Dungeon.
You visited 2 branches of the dungeon, and saw 8 of its levels.
You also visited: Ossuary.

You collected 366 gold pieces.

Inventory:

Hand Weapons
 a - a +1 heavy shortbow (weapon)
 e - a +3 long sword
 u - a +1 dagger of venom
Missiles
 k - 4 silver javelins
Armour
 c - a +1 leather armour (worn)
 v - a +0 cloak (worn)
Magical Staves
 q - a staff of fire
Jewellery
 i - an amulet of the acrobat (around neck)
 m - a ring of protection from cold (left hand)
 A - an amulet of regeneration
Wands
 s - a wand of digging (3)
 w - a wand of paralysis (9)
Scrolls
 b - 2 scrolls of immolation
 d - 3 scrolls of poison
 g - 2 scrolls of brand weapon
 h - a scroll of magic mapping
 x - a scroll of teleportation
 y - a scroll of enchant weapon
Potions
 f - 2 potions of mutation
 l - a potion of attraction
 n - a potion of magic {unknown}
 o - a potion of heal wounds {unknown}
 p - 3 potions of might {unknown}
 r - 3 potions of berserk rage {unknown}
 t - 2 potions of brilliance {unknown}
 z - a potion of lignification {unknown}
 B - 2 potions of degeneration {unknown}
 C - a potion of resistance {unknown}


   Skills:
 + Level 6.2 Fighting
 * Level 7.8 Ranged Weapons
 - Level 2.1 Dodging
 - Level 0.7 Stealth
 - Level 5.0 Spellcasting


You had 8 spell levels left.
You knew the following spells:

 Your Spells              Type           Power      Damage    Failure   Level
a - Slow                  Hex            68%        N/A       3%          1
b - Static Discharge      Conj/Air       34%        2-4/arc   4%          2
c - Kindle Blastsparks    Fire/Tloc/Air  34%        2d12      9%          3
d - Passage of Golubria   Tloc           17%        N/A       30%         4
Your spell library was empty.

Dungeon Overview and Level Annotations

Branches:
Dungeon (7/15)             Temple (1/1) D:6         Ossuary (visited)

Altars:
Ashenzari
Cheibriados
Dithmenos
Elyvilon
Fedhas
Hepliaklqana
Nemelex Xobeh
Qazlal
Ru
Trog
Uskayaw
Wu Jian
Xom
Yredelemnul
Zin
The Shining One

Shops:
D:1 !

Annotations:
D:5 exclusion: oklob plant
Temple 4 transporters


Innate Abilities, Weirdness & Mutations

You are immune to sickness and miasma.
You are immune to poison.
Your flesh is very heat resistant. (rF++)
You are vulnerable to cold. (rC-)
You float through the air rather than walking.
You learn spells naturally, not from books.
Your magical power is your life essence.
You have superior vitality. (+4 MHP)
You have very sharp teeth.
You have hidden genetic potential.
You expend health (3 HP) to strengthen your wands.


Message History

The lightning grounds out.
The orc is struck by an arc of lightning.
The orc is severely wounded.
You are struck by an arc of lightning.
The lightning grounds out.
The orc priest is struck by an arc of lightning.
The orc priest is moderately wounded.
The orc is struck by an arc of lightning.
You kill the orc!
The lightning grounds out.
The gnoll hits you with a +0 club.
The orc priest hits you with a +0 short sword.
The gnoll hits you from afar with a +0 halberd!
* * * LOW HITPOINT WARNING * * *
Casting: Static Discharge (safe; 4% risk of failure)
Confirm with . or Enter, or press ? or * to list all spells.
The gnoll is struck by an arc of lightning.
You kill the gnoll!
You are struck by an arc of lightning.
* * * LOW HITPOINT WARNING * * *
The orc priest is struck by an arc of lightning.
The orc priest is heavily wounded.
The lightning grounds out.
The orc priest is struck by an arc of lightning.
The orc priest is almost dead.
You are struck by an arc of lightning.
* * * LOW HITPOINT WARNING * * *
The orc priest is struck by an arc of lightning.
You kill the orc priest!
The lightning grounds out.
* * * LOW HITPOINT WARNING * * *
The gnoll hits you from afar with a +0 halberd.
* * * LOW HITPOINT WARNING * * *
It was a potion of attraction.
You feel attractive to monsters. The white imp gestures at you.
The puff of frost misses you. The gnoll barely misses you.
The orc is attracted toward you. The white imp hits you.
* * * LOW HITPOINT WARNING * * *
The white imp freezes you.
You die...

#... ##§..# ....#
#...# # # ##...#
..
##.##....######.#
......##go>.....#
#......5o# .o
#......@[##.#
._.....[.)...#
##..#.....####
......#.....
.#..###..#### #..
....# ... ......
## #...... #.....


You could see an orc warrior, an orc wizard, a gnoll and a white imp.

Vanquished Creatures
  Eustachio (D:6)
  2 ice beasts (D:5)
  2 black bears (D:6)
  3 ogres
  2 centaurs
  A phantom (D:5)
  A kobold brigand (D:6)
  2 elf zombies (Ossuary)
  A scorpion (D:5)
  3 centaur zombies (Ossuary)
  Crazy Yiuf (D:4)
  5 hounds
  3 jellies (D:5)
  5 orc priests
  A gnoll bouda (D:6)
  2 human zombies (Ossuary)
  Ijyb (D:5)
  An iguana (D:5)
  3 orc wizards
  3 mummies (Ossuary)
  Robin (D:2)
  6 gnolls
  9 adders
  3 adder zombies (Ossuary)
  A worm (D:3)
  2 dart slugs (D:1)
  12 orcs
  5 endoplasms
  5 giant cockroaches
  4 gnoll zombies (Ossuary)
  16 goblins
  5 hobgoblins
  6 jackals
  A quokka (D:1)
  2 ball pythons (D:2)
  4 bats
  4 frilled lizards
  3 goblin zombies (Ossuary)
  6 hobgoblin zombies (Ossuary)
  5 jackal zombies (Ossuary)
  7 kobolds
  2 kobold zombies (Ossuary)
  2 orc zombies (Ossuary)
  A quokka zombie (Ossuary)
  2 rats
  A rat zombie (Ossuary)
158 creatures vanquished.

Notes
Turn   | Place    | Note
-------+----------+-------------------------------------------
     0 | D:1      | billz999 the Djinni Hunter began the quest for the Orb.
     0 | D:1      | Reached XP level 1. HP: 18/18 MP: 0/0
    65 | D:1      | Found Burureh's Distillery.
   117 | D:1      | Reached XP level 2. HP: 21/23 MP: 0/0
  1087 | D:2      | Reached XP level 3. HP: 29/29 MP: 0/0
  1087 | D:2      | Learned a level 1 spell: Slow
  1281 | D:2      | Reached skill level 1 in Spellcasting
  1348 | D:2      | Reached XP level 4. HP: 24/34 MP: 0/0
  1456 | D:2      | Noticed Robin
  1592 | D:2      | Killed Robin
  1998 | D:3      | Reached XP level 5. HP: 35/39 MP: 0/0
  1998 | D:3      | Learned a level 2 spell: Static Discharge
  2041 | D:3      | Found a faded altar of an unknown god.
  2229 | D:3      | Found an ornate altar of the Wu Jian Council.
  3214 | D:4      | Found a runed translucent door.
  3215 | D:4      | Noticed Crazy Yiuf
  3680 | D:4      | Killed Crazy Yiuf
  3789 | D:5      | Entered Level 5 of the Dungeon
  3803 | D:5      | Reached XP level 6. HP: 22/45 MP: 0/0
  3924 | D:5      | Noticed an ogre
  3934 | D:5      | Killed an ogre
  4069 | D:5      | Noticed Ijyb
  4075 | D:5      | Killed Ijyb
  4076 | D:5      | Reached XP level 7. HP: 41/49 MP: 0/0
  4076 | D:5      | Learned a level 3 spell: Kindle Blastsparks
  4109 | D:5      | Reached skill level 5 in Spellcasting
  4250 | D:5      | Reached skill level 4 in Ranged Weapons
  4312 | D:5      | Gained mutation: You have hidden genetic potential. [potion
                  | of mutation]
  4312 | D:5      | Gained mutation: You have very sharp teeth. [potion of
                  | mutation]
  4480 | D:5      | Reached XP level 8. HP: 48/56 MP: 0/0
  4538 | D:5      | Found a sacrificial altar of Ru.
  4615 | D:5      | Reached skill level 5 in Ranged Weapons
  5271 | D:5      | Gained mutation: You have great hidden genetic potential.
                  | [hidden potential]
  5308 | D:5      | Found a blossoming altar of Fedhas.
  5428 | D:5      | Noticed an oklob plant
  5633 | D:6      | Identified the +1 leather armour of Hubris {+Inv}
  5776 | D:6      | Found a sand-covered staircase.
  5783 | Ossuary  | Entered an ossuary
  5949 | Ossuary  | Reached skill level 6 in Ranged Weapons
  6480 | Ossuary  | Reached XP level 9. HP: 54/64 MP: 0/0
  6480 | Ossuary  | Learned a level 4 spell: Passage of Golubria
  6850 | D:6      | Noticed Eustachio
  6858 | D:6      | Killed Eustachio
  6859 | D:6      | Reached skill level 5 in Fighting
  6881 | D:6      | Gained mutation: You expend health (3 HP) to strengthen
                  | your wands. [hidden potential]
  6881 | D:6      | Lost mutation: You have great hidden genetic potential.
                  | [hidden potential expressed]
  6945 | D:6      | Reached skill level 7 in Ranged Weapons
  7057 | D:6      | Found a staircase to the Ecumenical Temple.
  7071 | Temple   | Entered the Ecumenical Temple
  7071 | Temple   | Found a transporter.
  7071 | Temple   | Found a transporter.
  7073 | Temple   | Found a transporter.
  7073 | Temple   | Found a transporter.
  7766 | D:7      | Found a white marble altar of Elyvilon.
  8211 | D:7      | HP: 3/66 [gnoll/+0 halberd[a gnoll bouda] (2)]
  8213 | D:7      | Slain by a white imp

Illustrated notes

Levels and vault maps discovered:
D:1:      dpeg_arrival_fog, layout_loops_corners, serial_shops,
          nicolae_shop_crystal, amcnicky_mini_rare_corridor_liquid, minivault_27
D:2:      layout_rooms, uniq_robin
D:3:      layout_loops_ring, lemuel_crystal_altar,
          hellmonk_ecumenical_altar_pennies_from_heaven, grunt_ministairs_5
D:4:      layout_loops_corners, uniq_crazy_yiuf_cottage
D:5:      layout_loops_ring, tgw_fedhas, kennysheep_mini_moat,
          chequers_serial_rivers_small_b, kennysheep_generic_room_6, uniq_ijyb
D:6:      layout_loops_corners, minmay_temple_entry_ruins,
          lightli_ossuary_entry_decrepit_ruins, minmay_misc_feat_diagonals,
          uniq_eustachio
D:7:      layout_loops_cross, overflow_temple_1_default
Temple:   hellmonk_temple_divided_pantheon

Skill      XL: |  1  2  3  4  5  6  7  8  9 |
---------------+----------------------------+-----
Spellcasting   | 1 2 3 4 5 |  5.0
Ranged Weapons | 4 6 7 |  7.8
Fighting       | 3 4 6 |  6.2
Dodging        | |  2.1
Stealth        | |  0.7

Action                   |  1- 3 |  4- 6 |  7- 9 || total
-------------------------+-------+-------+-------++-------
 Fire: Shortbow          |    78 |   126 |   120 ||   324
Throw: Javelin           |       |       |     5 ||     5
 Cast: Slow              |     4 |    13 |     5 ||    22
       Static Discharge  |       |    18 |    29 ||    47
       Kindle Blastspark |       |       |    67 ||    67
Evoke: Wand              |       |       |     2 ||     2
  Use: Scroll            |     2 |     6 |     4 ||    12
       Potion            |       |       |     4 ||     4
Armor: Leather armour    |    12 |    23 |    42 ||    77
Dodge: Dodged            |    29 |    71 |    97 ||   197

Table legend: (Time is in decaauts)
 A = Elapsed time spent in this place.
 B = Non-inter-level travel time spent in this place.
 C = Inter-level travel time spent in this place.
 D = Time resting spent in this place.
 E = Time spent auto-exploring this place.
 F = Levels seen in this place.
 G = Mean time per level.
                   A        B        C        D        E       F      G
               +--------+--------+--------+--------+--------+-----+--------+
         Total |   8395 |   8064 |    331 |   1145 |   5731 |   9 |  932.8 |
       Dungeon |   7311 |   6980 |    331 |   1018 |   5120 |   7 | 1044.4 |
        Temple |     27 |     27 |      0 |      0 |      6 |   1 |   27.0 |
       Ossuary |   1056 |   1056 |      0 |    127 |    605 |   1 | 1056.0 |
               +--------+--------+--------+--------+--------+-----+--------+

Top non-repeatable levels by time:
     D:5: 1872 daAuts
     D:6: 1543 daAuts
     D:1: 1193 daAuts
     D:4: 1129 daAuts
 Ossuary: 1056 daAuts
     D:3: 817 daAuts
     D:2: 715 daAuts
     D:7: 39 daAuts
  Temple: 27 daAuts
